 Dungeon Crawl Stone Soup version 0.29-a0-923-g6e406bff71 (webtiles) character file.

Game seed: 10573643792477193394

840 Newt the Sneak (level 8, -2/50 HPs)
             Began as an Octopode Transmuter on July 27, 2022.
             Was a Believer of Lugonu.
             Killed from afar by an orc wizard (10 damage)
             ... with a puff of flame
             ... on level 5 of the Dungeon.
             The game lasted 00:09:21 (4417 turns).

Newt the Sneak (Octopode Transmuter)                Turns: 4417, Time: 00:09:21

Health: -2/50      AC:  1    Str: 17    XL:     8   Next: 0%
Magic:  10/12      EV: 13    Int: 19    God:    Lugonu [**....]
Gold:   235        SH:  0    Dex: 13    Spells: 10/13 levels left

rFire   . . .      SeeInvis .   i - +4 hammer "Vofec" {distort, rCorr Int+4 Stlth+}
rCold   . . .      Faith    .   (no shield)
rNeg    . . .      Spirit   .   (helmet currently unavailable)
rPois   .          Reflect  .   (no amulet)
rElec   .          Harm     .   l - +6 ring of strength
rCorr   +          Rampage  .   (no ring)
Will    .....                   (no ring)
Stlth   ++++++....              (no ring)
HPRegen 0.16/turn               (no ring)
MPRegen 0.13/turn               (no ring)
                                (no ring)
                                (no ring)

@: appendages, wereblooded
A: tentacle spike 3, almost no armour, amphibious, 8 rings, camouflage 1,
gelatinous body 1, nimble swimmer 1, tentacles
a: End Transformation, Renounce Religion, Depart the Abyss, Bend Space


You were on level 5 of the Dungeon.
You worshipped Lugonu.
Lugonu was pleased with you.
One of your tentacles had grown a beastly spike.
You visited 1 branch of the dungeon, and saw 5 of its levels.

You collected 235 gold pieces.

Inventory:

Hand Weapons
 i - the +4 hammer "Vofec" (weapon) {distort, rCorr Int+4 Stlth+}
   (You found it on level 2 of the Dungeon)

   It warps and distorts space around it, and may blink, banish, or inflict
   extra damage upon those it strikes.
   Unwielding it can cause banishment or high damage.
   Int:       It affects your intelligence (+4).
   rCorr:     It protects you from acid and corrosion.
   Stlth:     It makes you more stealthy.
Armour
 g - a +0 robe
Jewellery
 l - a +6 ring of strength (left tentacle)
Wands
 k - a wand of flame (22)
Scrolls
 c - a scroll of immolation {unknown}
 f - 2 scrolls of identify {unknown}
 m - a scroll of enchant weapon {unknown}
 n - a scroll of fog {unknown}
 q - a scroll of teleportation {unknown}
 t - a scroll of noise {unknown}
 u - a scroll of blinking {unknown}
 v - a scroll of magic mapping {unknown}
Potions
 a - 2 potions of lignification
 b - 2 potions of flight {unknown}
 d - 2 potions of brilliance {unknown}
 e - 3 potions of heal wounds {unknown}
 h - 2 potions of curing {unknown}
 j - a potion of berserk rage {unknown}
 o - a potion of might
 p - a potion of attraction {unknown}
 r - a potion of cancellation {unknown}
 s - a potion of mutation {unknown}


   Skills:
 + Level 2.2 Fighting
 * Level 4.3 Maces & Flails
 + Level 2.6 Dodging
 + Level 6.7 Stealth
 - Level 4.1 Unarmed Combat
 + Level 3.0 Spellcasting
 + Level 3.2 Transmutations


You had 10 spell levels left.
You knew the following spells:

 Your Spells              Type           Power      Damage    Failure   Level
a - Beastly Appendage     Tmut           30%        N/A       4%          1
b - Wereblood             Tmut           15%        N/A       6%          2

Your spell library contained the following spells:

 Spells                   Type           Power      Damage    Failure   Level
 Spider Form              Tmut/Pois      9%         N/A       24%         3
 Call Canine Familiar     Summ           2%         N/A       41%         3
 Portal Projectile        Hex/Tloc       4%         N/A       41%         3
 Ice Form                 Ice/Tmut       9%         N/A       61%         4
 Leda's Liquefaction      Hex/Erth       1%         N/A       83%         4


Dungeon Overview and Level Annotations

Branches:
Dungeon (5/15)
 Temple: D:4-7

Altars:
Ashenzari
Dithmenos
Lugonu

Annotations:
Abyss:1 Terence


Innate Abilities, Weirdness & Mutations

One of your tentacles has grown a beastly spike.
You cannot wear most types of armour.
You are amphibious.
You can wear up to eight rings at the same time.
Your skin changes colour to match your surroundings (Stealth+).
Your rubbery body absorbs attacks. (AC +1, EV +1)
You are camouflaged when in or above water. (Stealth+)
You have tentacles for arms and can constrict up to eight enemies at once.


Message History

Press: ? - help, Q - select action, (/) - cycle Dir - look around, f - activate One of your tentacles grows a vicious spike.
The orc wizard shouts!
The orc shouts!
The orc wizard gestures at you while chanting.
The puff of flame hits you!
You hit the orc wizard. Your grab misses the orc wizard.
You pierce the orc wizard.
The orc wizard is moderately wounded.
The orc wizard blinks!
You are engulfed in a cloud of scalding steam.
The orc hits you with a +2 hand axe of flaming.
The orc burns you.
You closely miss the orc. You grab the orc.
You are engulfed in a cloud of scalding steam.
* * * LOW HITPOINT WARNING * * *
You constrict the orc.
The orc hits you with a +2 hand axe of flaming.
* * * LOW HITPOINT WARNING * * *
The orc burns you.
* * * LOW HITPOINT WARNING * * *
You hit the orc.
Space warps around the orc.
You pierce the orc.
You feel a bit better.
You kill the orc!
Lugonu accepts your kill.
You have reached level 8!
Found 6 gold pieces.
The orc wizard hits the plant with a +0 dagger.
The plant begins to die.
Things that are here:
a +2 hand axe of flaming; 2 boomerangs; a +0 leather armour An orc wizard is nearby!
An orc wizard is nearby!
An orc wizard is nearby!
A nearby plant withers and dies.
You closely miss the orc wizard. Your grab misses the orc wizard.
Your tentacle spike misses the orc wizard.
The orc wizard is moderately wounded.
The orc wizard points at you and mumbles some strange words.
The puff of flame hits you!
You die...

#...# .. ##....# #...#
#.### #.....
####...###...# .≈......
#≈P.≈≈.≈.≈.############≈$
#P≈≈♣P≈≈≈.P≈...........# .
#≈≈≈≈≈♣≈♣≈≈≈≈..........#.#
##≈.≈≈P≈♣≈≈≈≈≈≈≈.........
#####.≈≈≈♣≈♣oPP≈......#
##≈≈≈♣♣≈≈@≈P......#
#≈P≈≈♣♣≈≈≈≈).....#
##.P♣)≈≈≈≈≈......#
#PPPP♣≈≈≈PPP......#
P≈PP≈≈♣≈≈≈P.P.[######
PP≈≈≈♣P≈P.....##
≈≈♣≈P≈.≈...####
PPPPP.######


PPP## You could see an orc wizard.

Vanquished Creatures
  Sigmund (D:2)
  Eustachio (D:4)
  A water moccasin (D:4)
  Blork the orc (D:4)
  A necrophage (D:4)
  A scorpion (D:5)
  An orc priest (D:4)
  Crazy Yiuf (D:2)
  Jessica (D:3)
  5 adders
  A shadow imp (D:5)
  2 dart slugs (D:1)
  6 orcs
  7 ball pythons
  7 endoplasms
  2 giant cockroaches (D:1)
  8 goblins
  5 hobgoblins
  4 jackals (D:1)
  3 kobolds
  2 quokkas
  5 bats
  A frilled lizard (D:2)
  6 rats
73 creatures vanquished.

Vanquished Creatures (others)
  18 plants (D:5)
18 creatures vanquished.

Grand Total: 91 creatures vanquished

Notes
Turn   | Place    | Note
-------+----------+-------------------------------------------
     0 | D:1      | Newt the Octopode Transmuter began the quest for the Orb.
     0 | D:1      | Reached XP level 1. HP: 13/13 MP: 3/3
   281 | D:1      | Reached XP level 2. HP: 18/18 MP: 3/5
   812 | D:1      | Reached XP level 3. HP: 19/23 MP: 4/6
   911 | D:1      | Learned a level 2 spell: Wereblood
  1168 | D:1      | Reached skill level 1 in Stealth
  1433 | D:2      | Found a runed translucent door.
  1434 | D:2      | Noticed Crazy Yiuf
  1660 | D:2      | Killed Crazy Yiuf
  1661 | D:2      | Reached XP level 4. HP: 15/28 MP: 3/7
  1662 | D:2      | Identified the +4 hammer "Vofec" {distort, rCorr Int+4
                  | Stlth+}
  1929 | D:2      | Noticed Sigmund
  1937 | D:2      | Killed Sigmund
  1938 | D:2      | Reached skill level 1 in Maces & Flails
  1938 | D:2      | Reached skill level 4 in Stealth
  1938 | D:2      | Reached XP level 5. HP: 22/33 MP: 8/8
  1938 | D:2      | Reached XP level 6. HP: 26/38 MP: 9/9
  2443 | D:2      | Noticed Terence
  2446 | D:2      | Banished Terence
  2532 | D:3      | Found a faded altar of an unknown god.
  2605 | D:3      | Prayed at the altar of an unknown god.
  2605 | D:3      | Became a worshipper of Lugonu the Unformed
  2605 | D:3      | Reached * piety under Lugonu
  2605 | D:3      | Reached ** piety under Lugonu
  3114 | D:3      | Noticed Jessica
  3121 | D:3      | Killed Jessica
  3122 | D:3      | Reached skill level 5 in Stealth
  3409 | D:4      | Noticed a water moccasin
  3420 | D:4      | Killed a water moccasin
  3421 | D:4      | Reached XP level 7. HP: 13/44 MP: 7/10
  3686 | D:4      | Noticed Blork the orc
  3699 | D:4      | Killed Blork the orc
  3797 | D:4      | Reached skill level 6 in Stealth
  3967 | D:4      | Noticed Eustachio
  3972 | D:4      | Found a broken altar of Ashenzari.
  3974 | D:4      | Found a shadowy altar of Dithmenos.
  3977 | D:4      | Killed Eustachio
  4196 | D:5      | Entered Level 5 of the Dungeon
  4411 | D:5      | Reached XP level 8. HP: 7/50 MP: 9/12
  4417 | D:5      | Killed from afar by an orc wizard

Illustrated notes

Levels and vault maps discovered:
D:1:      elethiomel_arrival_infinity_welcomes_careful_drivers,
          layout_loops_corners, minmay_quantized
D:2:      layout_loops_corners, uniq_sigmund, uniq_crazy_yiuf_cottage,
          uniq_terence
D:3:      layout_loops_ring, basic_ecumenical_altar, hangedman_decor_lopped,
          uniq_jessica
D:4:      layout_rooms, nicolae_overflow_squiral, uniq_eustachio,
          uniq_blork_the_orc
D:5:      layout_basic, mainiacjoe_overflow_six_doors_small,
          hangedman_ru_absence, gup_sewer_entry_pipe, serial_bayou_lagoon_a,
          corexii_hall_statues_l, minmay_statues_item, dk_rats_in_the_wall,
          uniq_menkaure, uniq_prince_ribbit1

Skill      XL: |  1  2  3  4  5  6  7 |
---------------+----------------------+-----
Stealth        | 1 4 5 6 |  6.7
Unarmed Combat | 4 |  4.1
Maces & Flails | 1 2 4 |  4.3
Fighting       | 2 |  2.2
Transmutations | 3 |  3.2
Spellcasting   | 3 |  3.0
Dodging        | |  2.6

Action                   |  1- 3 |  4- 6 |  7- 9 || total
-------------------------+-------+-------+-------++-------
Melee: Unarmed           |    67 |       |       ||    67
       Tentacles         |    18 |     4 |     6 ||    28
       Constrict         |    14 |     5 |     8 ||    27
       Kick              |     6 |     1 |     5 ||    12
       Punch             |     1 |       |       ||     1
       Mace              |       |    41 |    28 ||    69
 Cast: Beastly Appendage |     5 |     3 |     4 ||    12
       Wereblood         |     2 |     2 |     4 ||     8
  Use: Potion            |       |       |     1 ||     1
 Stab: Sleeping          |    11 |    12 |     6 ||    29
Armor: Skin              |     4 |     3 |     3 ||    10
Dodge: Dodged            |    34 |    30 |    15 ||    79

Table legend: (Time is in decaauts)
 A = Elapsed time spent in this place.
 B = Non-inter-level travel time spent in this place.
 C = Inter-level travel time spent in this place.
 D = Time resting spent in this place.
 E = Time spent auto-exploring this place.
 F = Levels seen in this place.
 G = Mean time per level.
                   A        B        C        D        E       F      G
               +--------+--------+--------+--------+--------+-----+--------+
         Total |   4429 |   4241 |    188 |    492 |   3142 |   5 |  885.8 |
       Dungeon |   4429 |   4241 |    188 |    492 |   3142 |   5 |  885.8 |
               +--------+--------+--------+--------+--------+-----+--------+

Top non-repeatable levels by time:
     D:1: 1302 daAuts
     D:2: 1225 daAuts
     D:3: 890 daAuts
     D:4: 789 daAuts
     D:5: 222 daAuts
